Map: Romanticide LE

Players

Massa

  • Race: Terran Terran
  • League: Platinum
  • Spawn Location: 11:00

XiaoLiZhu - Winner!

  • Race: Protoss Protoss
  • Spawn Location: 5:00

VOD

Have the link to the VOD?

Description

Time

  • Played on: Jan. 23, 2021, 4:29 p.m.
  • Length: 6:15
Show
View Real Time Build Order
Export as new Build Order

Massa Terran 

Build Orders: Hellion Banshee 

Get SALT Encoding   

  12  0:00  SCV  
  13  0:12  SCV  
  14  0:20  Supply Depot  
  14  0:25  SCV  
  15  0:42  SCV  
  16  0:43  Barracks  
  16  0:49  Refinery  
  16  0:54  SCV  
  17  1:06  SCV  
  18  1:18  SCV  
  19  1:30  SCV  
  20  1:38  Barracks Reactor  
  20  1:40  Command Center  
  20  1:48  Orbital Command  
  20  2:16  Supply Depot  
  20  2:17  Factory, Marine x2  
  22  2:31  SCV  
  23  2:37  Marine x2  
  23  2:43  SCV  
  26  2:53  Orbital Command  
  26  2:55  SCV, Marine x2  
  29  3:09  Starport  
  29  3:24  Hellion x2  
  29  3:26  Barracks Tech Lab  
  33  3:30  SCV x2  
  35  3:42  SCV x2  
  35  3:46  Hellion x2  
  41  3:51  Supply Depot  
  41  3:55  Barracks Tech Lab  
  41  3:56  Banshee  
  41  4:02  Refinery  
  44  4:07  Hellion  
  46  4:13  Hellion  
  42  4:29  Marauder  
  36  4:42  Command Center  
  36  4:44  Barracks  
  36  4:46  Barracks  
  36  4:47  Barracks  
  36  4:51  Supply Depot  
  36  4:52  Supply Depot  
  33  4:56  Widow Mine  
  37  5:03  Widow Mine  
  37  5:09  SCV  
  37  5:10  SCV  
  39  5:15  Engineering Bay  
  39  5:21  SCV, Marauder  
  44  5:35  Marine x3  
  44  5:43  Marauder  
  35  5:53  Marine x3  
Show
View Real Time Build Order
Export as new Build Order

XiaoLiZhu Protoss - Winner!

Build Orders: 1 Gate Expand 

Get SALT Encoding   

  12  0:00  Probe  
  13  0:12  Probe  
  14  0:17  Pylon  
  14  0:24  Probe (Chrono Boost)  
  16  0:36  Probe (Chrono Boost)  
  16  0:39  Gateway  
  16  0:43  Probe (Chrono Boost)  
  17  0:50  Assimilator  
  17  0:51  Probe  
  18  1:03  Probe  
  19  1:22  Nexus  
  19  1:33  Cybernetics Core  
  19  1:42  Probe, Assimilator  
  20  1:54  Probe  
  20  2:00  Pylon  
  21  2:09  Stalker (Chrono Boost)  
  21  2:13  Warp Gate  
  23  2:18  Probe (Chrono Boost)  
  24  2:27  Probe (Chrono Boost)  
  25  2:31  Stalker  
  27  2:38  Probe x2  
  29  2:50  Probe (Chrono Boost)  
  31  2:52  Probe (Chrono Boost), Robotics Facility  
  31  3:02  Probe (Chrono Boost)  
  33  3:07  Probe (Chrono Boost)  
  33  3:09  Probe (Chrono Boost)  
  34  3:13  Stalker  
  34  3:17  Probe x2 (Chrono Boost)  
  40  3:28  Probe (Chrono Boost)  
  40  3:31  Probe (Chrono Boost)  
  40  3:33  Probe (Chrono Boost), Gateway  
  40  3:36  Gateway  
  40  3:38  Probe  
  40  3:39  Gateway  
  40  3:40  Warp Prism (Chrono Boost)  
  44  3:43  Probe  
  44  3:47  Pylon  
  45  3:52  Pylon  
  45  3:59  Probe  
  45  4:02  Assimilator  
  46  4:05  Probe, Stalker  
  46  4:08  Observer (Chrono Boost)  
  50  4:37  Stalker x4  
  58  4:40  Probe x2  
  60  4:46  Nexus  
  60  4:47  Pylon  
  60  4:52  Probe x2  
  62  4:55  Pylon  
  62  5:05  Probe x2, Observer  
  65  5:11  Pylon  
  65  5:16  Robotics Bay  
  65  5:17  Probe  
  65  5:18  Probe  
  67  5:29  Probe  
  67  5:30  Probe  
  69  5:38  Stalker x4  
  69  5:41  Probe  
  69  5:42  Probe  
  79  5:54  Probe x2  
  79  6:01  Adept x2  
  79  6:02  Adept x2  
Tags
 
Composition
Hellion Banshee
League
Platinum
Matchup
PvT
Replay Pack
Multiplayer
Spawn Locations
Cross Positions
Add a new tag
Caveats
  • Supply blocks, unpowered buildings, or Contaminate may cause inaccurate times.
  • Supply counts are checked every 10 seconds.